 Dungeon Crawl Stone Soup version 0.21-a0-538-gd16b88a (webtiles) character file.

126 mortelune the Skirmisher (level 5, -7/63 HPs)
             Began as a Formicid Abyssal Knight on Dec 16, 2017.
             Was a Follower of Lugonu.
             Killed by divine providence
             ... invoked by an orc priest
              (14 damage)
             ... on level 3 of the Dungeon.
             The game lasted 00:08:01 (2512 turns).

mortelune the Skirmisher (Formicid Abyssal Knight)  Turns: 2512, Time: 00:08:01

Health: -7/63      AC: 22    Str: 17    XL:     5   Next: 31%
Magic:  6/6        EV:  2    Int: 12    God:    Lugonu [*.....]
Gold:   80         SH:  0    Dex: 10    Spells: 4/4 levels left

rFire    . . .     SeeInvis .   a - +1 hand axe
rCold    . . .     Gourm    .   (no shield)
rNeg     + + +     Faith    .   (armour currently unavailable)
rPois    +         Spirit   .   (helmet unavailable)
rElec    .         Reflect  .   (cloak currently unavailable)
rCorr    .         Harm     .   (gloves currently unavailable)
MR       .....                  (boots currently unavailable)
Stlth    ..........             (no amulet)
HPRegen  0.20/turn              d - ring of loudness (curse)
MPRegen  0.10/turn              k - ring of positive energy

@: tree-form (expiring)
A: permanent stasis, dig shafts and tunnels, four strong arms
a: Depart the Abyss, Renounce Religion


You were on level 3 of the Dungeon.
You worshipped Lugonu.
Lugonu was aware of your devotion.
You were very hungry.
You were a tree.
You visited 1 branch of the dungeon, and saw 4 of its levels.
You visited the Abyss 1 time.

You collected 80 gold pieces.

Inventory:

Hand Weapons
 a - a +1 hand axe (weapon)
Armour
 b - a +0 leather armour
 e - a +0 pair of gloves (melded)
 g - a +0 ring mail
 m - a +0 chain mail (melded)
 n - a +1 pair of boots (melded)
Jewellery
 d - a cursed ring of loudness (left branch)
 f - an uncursed ring of flight
 k - a ring of positive energy (right branch)
Wands
 h - a wand of acid (6)
Potions
 j - a potion of brilliance
Comestibles
 c - 3 bread rations


   Skills:
 + Level 4.1 Fighting
 * Level 3.9 Axes
 + Level 3.3 Armour
 - Level 0.8 Dodging
 - Level 2.1 Invocations


You had 4 spell levels left.
You didn't know any spells.

Dungeon Overview and Level Annotations

Branches:
Dungeon (4/15)
 Temple: D:4-7

Altars:
Dithmenos

Annotations:
D:3 Sigmund


Innate Abilities, Weirdness & Mutations

You cannot be hasted, slowed, berserked, paralysed or teleported.
You can dig through walls and to a lower floor.
Your four strong arms can wield two-handed weapons with a shield.
((You have a pair of large antennae on your head. (SInv)))


Message History

You kill Natasha!
Lugonu accepts your kill.
Natasha growls in agony!
The shadow imp disappears in a puff of smoke!
The crimson imp disappears in a puff of smoke!
The orc throws a tomahawk.
The tomahawk hits you but does no damage.
You cannot move.
You cannot move.
You cannot move.
You cannot move.
You cannot move.
The orc throws a tomahawk.
The tomahawk hits you but does no damage.
You hit the orc priest but do no damage.
The orc priest hits you but does no damage.
You hit the orc priest but do no damage.
The orc priest calls down the wrath of Beogh upon you.
Beogh smites you!
You die...

###.###'###.#####. #.#
#.# #.... #. .
#####.###.###..## #. ..
#.)...+.._###...# #.
... .....###.###.... #.
#.. ...# #.# #.....#.
#... #.###'###.....#
#....###.........+#+##.
+...oo♣)....(.#...#..#.
#....########## ####.#.
#... ... #.. ##.. #. #
#... # #. ###...
#.######....>
#.........@## #.
#..........#


You could see an orc priest and an orc.

Vanquished Creatures
  An orc priest (D:3)
  Natasha (D:3)
  An adder (D:2)
  2 dart slugs
  4 leopard geckos
  2 orcs (D:3)
  3 bats
  2 giant cockroaches
  3 hobgoblins
  3 jackals
  3 quokkas
  2 frilled lizards
  7 goblins
  12 kobolds
  5 rats
51 creatures vanquished.

Notes
Turn   | Place    | Note
-------+----------+-------------------------------------------
     0 | Abyss:1  | mortelune the Formicid Abyssal Knight began the quest for the Orb.
     0 | Abyss:1  | Reached XP level 1. HP: 18/18 MP: 2/2
     0 | D:1      | Escaped the Abyss
   227 | D:1      | Reached XP level 2. HP: 10/24 MP: 3/3
   436 | D:1      | Reached * piety under Lugonu
  1164 | D:2      | Reached XP level 3. HP: 28/29 MP: 4/4
  2007 | D:2      | Reached XP level 4. HP: 37/37 MP: 5/5
  2275 | D:3      | Noticed Sigmund
  2457 | D:3      | Found a shadowy altar of Dithmenos.
  2486 | D:3      | Reached skill level 4 in Fighting
  2488 | D:3      | Noticed Natasha
  2498 | D:3      | Reached XP level 5. HP: 5/42 MP: 6/6
  2509 | D:3      | Killed Natasha
  2512 | D:3      | Killed from afar by an orc priest

Vault maps used:
D:1:      minmay_arrival_doors
D:3:      lemuel_doored_altar, cheibrodos_sewer_entry_bend,
          minmay_close_crescents, uniq_robin, uniq_sigmund, uniq_natasha
D:4:      nicolae_overflow_hidden_temple, minmay_temple_entry_junction,
          first_bread

Skill      XL: |  1  2  3  4 |
---------------+-------------+-----
Axes           | 3 |  3.9
Armour         | 3 |  3.3
Fighting       | 4 |  4.1
Dodging        | |  0.8
Invocations    | |  2.1

Action                   |  1- 3 |  4- 6 || total
-------------------------+-------+-------++-------
Melee: Hand axe          |   116 |    54 ||   170
Invok: Depart the Abyss  |     1 |       ||     1
  Use: Scroll            |     3 |       ||     3
       Potion            |       |     1 ||     1
  Eat: Chunk             |     2 |       ||     2
       Royal jelly       |       |     1 ||     1
Armor: Leather armour    |     2 |       ||     2
       Ring mail         |    30 |       ||    30
       Chain mail        |    17 |    24 ||    41
       Skin              |       |    11 ||    11
Dodge: Dodged            |    65 |    26 ||    91

Table legend:
 A = Spawn XP
 B = Non-spawn XP
 C = Spawn XP percentage of total XP
 D = Spawn monster count
 E = Non-spawn monster count
 F = Spawn count percentage of total count
 G = Total turns spent on level
                    A         B        C        D         E        F      G
               +---------+---------+-------+---------+---------+-------+---------
         Total |       0 |     180 |   0.0 |       0 |      51 |   0.0 |  2512
               +---------+---------+-------+---------+---------+-------+---------
           D:1 |       0 |      25 |   0.0 |       0 |      17 |   0.0 |  1127
           D:2 |       0 |      44 |   0.0 |       0 |      17 |   0.0 |  1082
           D:3 |       0 |     107 |   0.0 |       0 |      15 |   0.0 |   161
           D:4 |       0 |       4 |   0.0 |       0 |       2 |   0.0 |   142
               +---------+---------+-------+---------+---------+-------+---------
